 Dungeon Crawl Stone Soup version 0.30-a0-722-g3e6e8c874d (webtiles) character file.

Game seed: 2113244353704719278

106 Bnni the Shield-Bearer (level 5, -4/42 HPs)
             Began as a Formicid Fighter on Jan 28, 2023.
             Slain by Crazy Yiuf
             ... wielding a +4 quarterstaff of chaos
              (6 damage)
             ... on level 3 of the Dungeon.
             The game lasted 00:02:50 (2054 turns).

Bnni the Shield-Bearer (Formicid Fighter)           Turns: 2054, Time: 00:02:51

Health: -4/42      AC:  6    Str: 23    XL:     5   Next: 10%
Magic:  5/5        EV:  9    Int:  7    God:
Gold:   72         SH:  5    Dex: 13    Spells: 4/4 levels left

rFire   + . .      SeeInvis +    a - +0 war axe
rCold   + . .      Faith    .    c - +0 buckler
rNeg    . . .      Spirit   .    b - +0 scale mail
rPois   +          Reflect  .    (helmet unavailable)
rElec   +          Harm     .    (no cloak)
rCorr   +          Rampage  .    (no gloves)
Will    .....                    (no boots) Stlth
                                 (no amulet)
HPRegen 0.27/turn                (no ring)
MPRegen 0.09/turn                (no ring)

@: mighty, resistant
A: permanent stasis, dig shafts and tunnels, antennae 3, four strong arms
a: Dig, Shaft Self


You were on level 3 of the Dungeon.
You visited 1 branch of the dungeon, and saw 3 of its levels.

You collected 72 gold pieces.

Inventory:

Hand Weapons
 a - a +0 war axe (weapon)
Armour
 b - a +0 scale mail (worn)
 c - a +0 buckler (worn)
 m - a +0 tower shield
Jewellery
 o - a +6 ring of intelligence
Scrolls
 e - 2 scrolls of silence {unknown}
 h - 4 scrolls of teleportation {unknown}
 i - a scroll of vulnerability {unknown}
 j - a scroll of magic mapping {unknown}
 p - a scroll of brand weapon {unknown}
 q - 4 scrolls of identify {unknown}
 r - a scroll of enchant armour {unknown}
 s - a scroll of poison {unknown}
 t - a scroll of fear {unknown}
Potions
 f - a potion of curing
 g - 2 potions of brilliance {unknown}
 k - a potion of invisibility {unknown}
 l - a potion of lignification {unknown}
 n - a potion of heal wounds {unknown}


   Skills:
 + Level 4.2 Fighting
 * Level 4.0 Axes
 - Level 3.2 Armour
 + Level 4.3 Shields


You had 4 spell levels left.
You didn't know any spells.
Your spell library contained the following spells:

 Spells                   Type           Power      Damage    Failure   Level
 Magic Dart               Conj           0%         1d3       82%         1
 Searing Ray              Conj           0%         2d4       91%         2
 Fulminant Prism          Conj/Hex       0%         3d5       100%        4


Dungeon Overview and Level Annotations

Branches:
Dungeon (3/15)

Altars:
Gozag

Shops:
D:3 :

Annotations:
D:3 Crazy Yiuf


Innate Abilities, Weirdness & Mutations

You cannot be hasted, slowed, berserked, paralysed or teleported.
You can dig through walls and to a lower floor.
You have a pair of large antennae on your head. (SInv)
Your four strong arms can wield two-handed weapons with a shield.


Message History

Crazy Yiuf is heavily wounded.
You block Crazy Yiuf's attack.
You barely miss Crazy Yiuf.
Crazy Yiuf is heavily wounded.
Crazy Yiuf hits you with a +4 quarterstaff of chaos!
You are lethally poisoned!
Crazy Yiuf hits you with a +4 quarterstaff of chaos.
Crazy Yiuf draws strength from your wounds!
You are too injured to fight recklessly!
You hit Crazy Yiuf.
Crazy Yiuf is heavily wounded.
* * * LOW HITPOINT WARNING * * *
You feel extremely sick.
Crazy Yiuf hits you with a +4 quarterstaff of chaos.
* * * LOW HITPOINT WARNING * * *
Crazy Yiuf freezes you.
* * * LOW HITPOINT WARNING * * *
It was a potion of curing.
You feel better. Crazy Yiuf barely misses you.
You hit Crazy Yiuf but do no damage.
Crazy Yiuf is heavily wounded.
Crazy Yiuf hits you but does no damage.
You barely miss Crazy Yiuf.
Crazy Yiuf is heavily wounded.
Crazy Yiuf closely misses you.
Crazy Yiuf hits you with a +4 quarterstaff of chaos.
* * * LOW HITPOINT WARNING * * *
Crazy Yiuf burns you.
* * * LOW HITPOINT WARNING * * *
You barely miss Crazy Yiuf.
Crazy Yiuf is heavily wounded.
Crazy Yiuf yells, "Cards!"
You block Crazy Yiuf's attack.
You completely miss Crazy Yiuf.
Crazy Yiuf is heavily wounded.
Crazy Yiuf hits you with a +4 quarterstaff of chaos!
* * * LOW HITPOINT WARNING * * *
You feel protected.
You feel very mighty all of a sudden.
Crazy Yiuf hits you with a +4 quarterstaff of chaos.
You die...

.................#
#...########.###.#
##.## #.....# ##.#####
####### ).....>#
...###.########
######.#..P.#.### ###
...........P.#..##...#
#####.......####@g...#
# #.#....## ###..)# #
#.###### ### # #.# #
#.### # #...# ####
#######.######..#
....#...........#
###.............#


You could see Crazy Yiuf.

Vanquished Creatures
  A hound (D:3)
  An adder (D:2)
  2 worms (D:2)
  2 dart slugs
  An orc (D:3)
  2 endoplasms (D:1)
  2 giant cockroaches
  7 goblins
  3 hobgoblins
  5 kobolds
  6 quokkas (D:2)
  6 ball pythons
  4 bats
  2 frilled lizards
  9 rats
53 creatures vanquished.

Vanquished Creatures (others)
  3 fungi (D:3)
  24 plants (D:2)
27 creatures vanquished.

Grand Total: 80 creatures vanquished

Notes
Turn   | Place    | Note
-------+----------+-------------------------------------------
     0 | D:1      | Bnni the Formicid Fighter began the quest for the Orb.
     0 | D:1      | Reached XP level 1. HP: 18/18 MP: 1/1
   155 | D:1      | Reached XP level 2. HP: 24/24 MP: 2/2
   516 | D:1      | Reached XP level 3. HP: 30/30 MP: 3/3
   910 | D:2      | Found an opulent altar of Gozag.
   948 | D:2      | Reached XP level 4. HP: 37/37 MP: 4/4
  1850 | D:3      | Found Tyrph's Book Boutique.
  1889 | D:3      | Reached XP level 5. HP: 39/42 MP: 5/5
  2040 | D:3      | Found a runed translucent door.
  2041 | D:3      | Noticed Crazy Yiuf
  2053 | D:3      | HP: 2/42 [Crazy Yiuf/+4 quarterstaff of chaos (9)]
  2054 | D:3      | Slain by Crazy Yiuf

Illustrated notes

Levels and vault maps discovered:
D:1:      sevenhm_arrival_forest_fort_large_2, layout_loops_ring,
          minmay_misc_feat_hallway
D:2:      wad_woods_stonehenge, layout_basic
D:3:      layout_loops_ring, serial_shops, nicolae_shop_hallway_plus,
          uniq_crazy_yiuf_cottage

Skill      XL: |  1  2  3  4 |
---------------+-------------+-----
Axes           | 3 4 |  4.0
Fighting       | 4 |  4.2
Armour         | |  3.2
Shields        | |  4.3

Action                     |  1- 3 |  4- 6 || total
---------------------------+-------+-------++-------
  Melee: War axe           |    69 |    69 ||   138
    Use: Potion            |       |     2 ||     2
 Armour: Scale mail        |    21 |    22 ||    43
  Dodge: Dodged            |    30 |    20 ||    50
  Block: Buckler           |    16 |    22 ||    38

Table legend: (Time is in decaauts)
 A = Elapsed time spent in this place.
 B = Non-inter-level travel time spent in this place.
 C = Inter-level travel time spent in this place.
 D = Time resting spent in this place.
 E = Time spent auto-exploring this place.
 F = Levels seen in this place.
 G = Mean time per level.
                   A        B        C        D        E       F      G
               +--------+--------+--------+--------+--------+-----+--------+
         Total |   2104 |   2088 |     16 |      0 |   1685 |   3 |  701.3 |
       Dungeon |   2104 |   2088 |     16 |      0 |   1685 |   3 |  701.3 |
               +--------+--------+--------+--------+--------+-----+--------+

Top non-repeatable levels by time:
     D:2: 876 daAuts
     D:3: 634 daAuts
     D:1: 593 daAuts
